 Dungeon Crawl Stone Soup version 0.25-a0-975-gcae8493d64 (webtiles) character file.

Game seed: 4674915744516917202, levelgen mode: deterministic

19 Flugslaktarn the Skirmisher (level 2, 27/27 HPs)
             Began as a Minotaur Fighter on May 9, 2020.
             Quit the game on level 3 of the Dungeon.
             The game lasted 00:00:37 (356 turns).

Flugslaktarn the Skirmisher (Minotaur Fighter)       Turns: 356, Time: 00:00:38

Health: 27/27      AC:  7    Str: 20    XL:     2   Next: 55%
Magic:  1/1        EV:  7    Int:  5    God:
Gold:   40         SH: 10    Dex:  9    Spells: 1/1 levels left

rFire    . . .     SeeInvis .   a - +0 war axe
rCold    . . .     Gourm    .   c - +1 kite shield
rNeg     . . .     Faith    .   b - +0 scale mail
rPois    .         Spirit   .   (helmet restricted)
rElec    .         Reflect  .   (no cloak)
rCorr    .         Harm     .   (no gloves)
MR       .....                  (no boots)
Stlth    ..........             (no amulet)
HPRegen  0.09/turn              (no ring)
MPRegen  0.07/turn              (no ring)

@: no status effects
A: retaliatory headbutt, horns 2
a: no special abilities


You were on level 3 of the Dungeon.
You were not hungry.

You visited 1 branch of the dungeon, and saw 3 of its levels.

You collected 40 gold pieces.

Inventory:

Hand Weapons
 a - a +0 war axe (weapon)
Armour
 b - a +0 scale mail (worn)
 c - a +1 kite shield (worn)
Jewellery
 j - an uncursed ring of stealth {unknown}
   (You found it on level 1 of the Dungeon)
Scrolls
 x - a scroll of remove curse
Potions
 d - 2 potions of might
 i - a potion of stabbing
 q - a potion of curing
Comestibles
 e - a ration
 g - 3 chunks of flesh


   Skills:
 + Level 3.9 Fighting
 * Level 3.1 Axes
 + Level 3.9 Armour
 + Level 3.9 Shields


You had one spell level left.
You didn't know any spells.
Your spell library was empty.

Dungeon Overview and Level Annotations

Branches:
Dungeon (3/15)

Altars:
Qazlal


Innate Abilities, Weirdness & Mutations

You reflexively headbutt those who attack you in melee.
You have a pair of horns on your head.


Message History

No target in view!
No target in view!
No target in view!
You butcher the giant cockroach corpse.
g - 3 chunks of flesh (gained 1)
You now have 40 gold pieces (gained 12).
You feel less ready to backstab.
A goblin comes into view.
The goblin shouts!
A goblin is nearby!
A goblin is nearby!
A goblin is nearby!
You miss the goblin. The goblin completely misses you. You furiously retaliate!
You headbutt the goblin!
You kill the goblin!
No target in view!
No target in view!
No target in view!
No target in view!
Are you sure you want to abandon this character and quit the game? (Confirm with "yes".)

#.# # #.#
##.########
########.........#
...(........####.#
#######....#####.#
#........##.#####.#
##.>.###..........#
##..# ##@#
##.######.#
#........#
#.######## #.# #.#
#.# #.# ..#


There were no monsters in sight!

Vanquished Creatures
  A bat (D:1)
  A giant cockroach (D:3)
  3 goblins
  3 hobgoblins
  2 jackals (D:2)
  A kobold (D:2)
  A ball python (D:1)
  5 frilled lizards
17 creatures vanquished.

Notes
Turn   | Place    | Note
-------+----------+-------------------------------------------
     0 | D:1      | Flugslaktarn the Minotaur Fighter began the quest for the
                  | Orb.
     0 | D:1      | Reached XP level 1. HP: 19/19 MP: 0/0
   140 | D:1      | Reached XP level 2. HP: 21/27 MP: 1/1
   262 | D:3      | Found a stormy altar of Qazlal.
   356 | D:3      | Quit the game

Illustrated notes

Levels and vault maps discovered:
D:1:      dpeg_arrival_arbitrary_b, layout_basic
D:2:      layout_loops_ring, first_ration
D:3:      layout_loops_corners, nicolae_qazlal_general_emergency

Skill      XL: |  1  2 |
---------------+-------+-----
Axes           | 3 |  3.1
Fighting       | |  3.9
Armour         | |  3.9
Shields        | |  3.9

Action                   || total
-------------------------++-------
Melee: War axe           ||    37
       Headbutt          ||     6
  Use: Scroll            ||     5
       Potion            ||     2
Armor: Scale mail        ||    11
Dodge: Dodged            ||    10
Block: Kite shield       ||    21

Table legend:
 A = Non-vault XP
 B = Vault XP
 C = Vault XP percentage of total XP
 D = Non-vault monster count
 E = Vault monster count
 F = Vault count percentage of total count
                 A         B        C        D         E       F
            +---------+---------+-------+---------+---------+-------
      Total |      28 |       0 |   0.0 |      17 |       0 |   0.0
            +---------+---------+-------+---------+---------+-------
        D:1 |      13 |       0 |   0.0 |       9 |       0 |   0.0
        D:2 |       6 |       0 |   0.0 |       3 |       0 |   0.0
        D:3 |       9 |       0 |   0.0 |       5 |       0 |   0.0
            +---------+---------+-------+---------+---------+-------
